 Dungeon Sprint DCSS version 0.27-a0-46-g34d46f0a3f (webtiles) character file.

Game seed: 11533675926512066743

18 mhtbhm the Covert (level 2, 0/15 HPs)
             Began as a Spriggan Brigand on Jan 7, 2021.
             Slain by an orc priest
             ... wielding a +0 flail
              (6 damage)
             ... in the Dungeon (Sprint IX: "|||||||||||||||||||||||||||||").
             The game lasted 00:00:27 (262 turns).

mhtbhm the Covert (Spriggan Brigand)                 Turns: 262, Time: 00:00:28

Health: 0/15       AC:  3    Str:  7    XL:     2   Next: 48%
Magic:  3/3        EV: 17    Int: 12    God:
Gold:   0          SH:  0    Dex: 17    Spells: 1/1 levels left

rFire    . . .     SeeInvis +   a - +2 dagger
rCold    . . .     Faith    .   (shield restricted)
rNeg     . . .     Spirit   .   b - +0 robe
rPois    .         Reflect  .   (helmet restricted)
rElec    .         Harm     .   c - +0 cloak
rCorr    .         Rampage  .   (gloves unavailable)
Will     .....     NoTele   +   (boots unavailable)
Stlth    ++++......             (no amulet)
HPRegen  0.05/turn              (no ring)
MPRegen  0.08/turn              (no ring)

@: very quick
A: very small, unfitting armour, see invisible, speed 3
a: no special abilities


You were in the Dungeon.
You visited 1 branch

Inventory:

Hand Weapons
 a - a +2 dagger (weapon)
Missiles
 d - 8 poisoned darts (quivered)
Armour
 b - a +0 robe (worn)
 c - a +0 cloak (worn)
Scrolls
 k - a scroll of blinking
Potions
 f - a potion of curing
 g - a potion of heal wounds
 h - a potion of haste
 i - 2 potions of magic
 j - a potion of berserk rage


   Skills:
 + Level 2.1 Fighting
 + Level 2.5 Short Blades
 + Level 2.8 Throwing
 + Level 1.7 Dodging
 + Level 8.7 Stealth


You had one spell level left.
You didn't know any spells.
Your spell library was empty.

Dungeon Overview and Level Annotations

Branches:
Dungeon (1/1)

Altars:


Innate Abilities, Weirdness & Mutations

You are very small and have problems with some larger weapons.
You are too small for most types of armour.
You have supernaturally acute eyesight. (SInv)
You cover ground extremely quickly.


Message History

The curare-tipped dart hits the scorpion.
The scorpion is poisoned.
The scorpion convulses.
The scorpion seems to slow down.
The scorpion is heavily wounded.
The orc priest closely misses you.
Unknown command.
Throw: dart (curare)
Press: ? - help, Q - select action, (/) - cycle Shift-Dir - straight line, f/p - orc priest
Aim: an orc priest, wielding a +0 flail and wearing a +0 scale mail You throw a curare-tipped dart.
The curare-tipped dart closely misses the orc priest.
The curare-tipped dart barely misses the adder.
The curare-tipped dart barely misses the scorpion.
The orc priest mumbles some strange prayers to Beogh against you.
Pain shoots through your body!
Unknown command.
You hit the orc priest but do no damage.
You kill the scorpion!
The orc priest hits you with a +0 flail.
You die... ▓▓▓▓▓▓▓▓▓▓▓▓▓▓▓▓▓▓ +(.(.So@..(÷÷...<▓ ▓▓▓▓▓▓▓▓▓▓▓▓▓▓▓▓▓▓

You could see an orc priest and an adder.

Vanquished Creatures
  A scorpion (D)
  An adder (D)
  A dart slug (D)
  A leopard gecko (D)
  2 kobolds (D)
  2 rats (D)
8 creatures vanquished.

Notes
Turn   | Place    | Note
-------+----------+-------------------------------------------
     0 | D        | mhtbhm the Spriggan Brigand began the quest for the Orb.
     0 | D        | Reached XP level 1. HP: 10/10 MP: 2/2
     6 | D        | Reached skill level 6 in Stealth
     8 | D        | Reached skill level 7 in Stealth
   245 | D        | Noticed a scorpion
   245 | D        | Noticed an orc priest
   251 | D        | Reached skill level 8 in Stealth
   251 | D        | Reached XP level 2. HP: 15/15 MP: 3/3
   262 | D        | Killed a scorpion
   262 | D        | Slain by an orc priest

Illustrated notes

Levels and vault maps discovered:
D:        linesprint [early_d, line_temple, items_1, d_10, items_2, lair_1,
          lair_end, items_3, orc_1, orc_end, items_4, d_15, swamp_1, shoals_1,
          snake_1, spider_1, d_20, vaults_1, items_5, swamp_end, shoals_end,
          snake_end, spider_end, vaults_end, d_27, items_6, zot_1, zot_end,
          crypt_end, forest_end, elf_end, slime_end, tomb_end, abyss_end,
          pan_hell_end]

Skill      XL: |  1 |
---------------+----+-----
Stealth        | 8 |  8.7
Fighting       | 2 |  2.1
Short Blades   | |  2.5
Throwing       | |  2.8
Dodging        | |  1.7

Action                   || total
-------------------------++-------
Melee: Dagger            ||    24
Throw: Dart              ||     5
 Stab: Sleeping          ||     2
Armor: Robe              ||     1
Dodge: Dodged            ||    17

Table legend: (Time is in decaauts)
 A = Elapsed time spent in this place.
 B = Non-inter-level travel time spent in this place.
 C = Inter-level travel time spent in this place.
 D = Time resting spent in this place.
 E = Time spent auto-exploring this place.
 F = Levels seen in this place.
 G = Mean time per level.
                   A        B        C        D        E       F      G
               +--------+--------+--------+--------+--------+-----+--------+
         Total |    247 |    247 |      0 |    200 |      1 |   1 |  247.0 |
       Dungeon |    247 |    247 |      0 |    200 |      1 |   1 |  247.0 |
               +--------+--------+--------+--------+--------+-----+--------+

Top non-repeatable levels by time:
       D: 247 daAuts
